 Dungeon Crawl Stone Soup version 0.28-a0-1334-g1c9ffb4daf (webtiles) character file.

Game seed: 10343207301217972115

1246 HessuHobo the Insei (level 8, -7/62 HPs)
             Began as a Grey Draconian Transmuter on Dec 28, 2021.
             Hit by a boomerang thrown by an orc warrior (12 damage)
             ... on level 8 of the Dungeon.
             The game lasted 00:08:08 (6558 turns).

HessuHobo the Insei (Grey Draconian Transmuter)     Turns: 6558, Time: 00:08:08

Health: -7/62      AC:  7    Str: 12    XL:     8   Next: 25%
Magic:  11/11      EV: 12    Int: 14    God:
Gold:   270        SH:  0    Dex: 14    Spells: 7/11 levels left

rFire   . . .      SeeInvis .     - Unarmed
rCold   + . .      Faith    .   i - orb {light}
rNeg    . . .      Spirit   .   (armour unavailable)
rPois   .          Reflect  .   (helmet restricted)
rElec   .          Harm     .   (no cloak)
rCorr   .          Rampage  .   (no gloves)
Will    .....                   (no boots)
Stlth   +.........              (no amulet)
HPRegen 0.20/turn               e - ring of protection from cold
MPRegen 0.12/turn               (no ring)

@: corroded, glowing
A: AC +11, amphibious, unfitting armour, cold-blooded
a: no special abilities


You were on level 8 of the Dungeon.
You visited 2 branches of the dungeon, and saw 9 of its levels.

You collected 270 gold pieces.

Inventory:

Armour
 i - an orb of light (worn)
Jewellery
 e - a ring of protection from cold (left hand)
 o - a +6 ring of dexterity
Wands
 q - a wand of flame (9)
Scrolls
 a - 3 scrolls of magic mapping {unknown}
 c - 2 scrolls of teleportation {unknown}
 d - 5 scrolls of identify {unknown}
 f - a scroll of blinking {unknown}
 k - a scroll of fog {unknown}
 l - a scroll of holy word {unknown}
 m - a scroll of noise {unknown}
 p - a scroll of fear {unknown}
Potions
 b - 2 potions of mutation {unknown}
 g - a potion of ambrosia {unknown}
 h - a potion of invisibility {unknown}
 j - 2 potions of curing {unknown}
 n - 2 potions of lignification {unknown}


   Skills:
 - Level 2.7 Fighting
 - Level 2.7 Dodging
 - Level 3.0 Stealth
 + Level 7.8 Unarmed Combat
 - Level 2.0 Spellcasting
 - Level 4.0 Transmutations
 + Level 3.3 Poison Magic


You had 7 spell levels left.
You knew the following spells:

 Your Spells              Type           Power      Damage    Failure   Level
a - Beastly Appendage     Tmut           24%        N/A       4%          1
b - Spider Form           Tmut/Pois      11%        N/A       16%         3

Your spell library contained the following spells:

 Spells                   Type           Power      Damage    Failure   Level
 Wereblood                Tmut           12%        N/A       7%          2
 Slow                     Hex            4%         N/A       24%         1
 Confusing Touch          Hex            1%         N/A       56%         3
 Stone Arrow              Conj/Erth      2%         3d7       56%         3
 Vampiric Draining        Necr           1%         2d6       56%         3
 Ice Form                 Ice/Tmut       7%         N/A       71%         4
 Summon Lightning Spire   Summ/Air       1%         N/A       93%         4
 Storm Form               Tmut/Air       3%         N/A       100%        7
 Lehudib's Crystal Spear  Conj/Erth      0%         10d2      100%        8
 Maxwell's Capacitive Co  Air            0%         ∞         100%        8
 Animate Armour           Summ/Erth      Unusable   N/A       N/A         4

Dungeon Overview and Level Annotations

Branches:
Dungeon (9/15)             Temple (1/1) D:4
   Lair: D:8-11         Orc: D:9-12

Altars:
Ashenzari
Dithmenos
Elyvilon
Fedhas
Gozag
Hepliaklqana
Kikubaaqudgha
Nemelex Xobeh
Okawaru
Qazlal
Ru
Sif Muna
Trog
Uskayaw
Vehumet
Xom
Yredelemnul
Zin
The Shining One


Innate Abilities, Weirdness & Mutations

Your dull iron-grey scales are very hard. (AC +11)
You are amphibious.
You cannot fit into any form of body armour.
You are cold-blooded and may be slowed by cold attacks.


Message History

You hit the acid dragon.
Your tail-slap misses the acid dragon.
The acid dragon is moderately wounded.
You punch the acid dragon!
You tail-slap the acid dragon, but do no damage.
The acid dragon is severely wounded.
The acid dragon spits acid at you. The splash of acid hits you!!
The acid corrodes you!
You hear an angry hiss.
You hit the acid dragon but do no damage.
The acid dragon is severely wounded.
The acid dragon misses you.
The acid dragon claws you but does no damage.
You hit the acid dragon.
The acid dragon is almost dead.
An orc comes into view.
It is wielding a +1 falchion of holy wrath.
An orc warrior comes into view. It is wielding a +0 war axe.
The acid dragon closely misses you. The acid dragon barely misses you.
You barely miss the acid dragon.
You tail-slap the acid dragon, but do no damage.
The acid dragon is almost dead.
The acid dragon completely misses you. The acid dragon claws you.
An orc wizard comes into view. It is wielding a +0 dagger.
You hit the acid dragon but do no damage.
The acid dragon is almost dead.
The orc warrior hits you with a +0 war axe!
The acid dragon bites you!
* * * LOW HITPOINT WARNING * * *
The acid dragon completely misses you.
Your magical contamination has completely faded away.
You hit the acid dragon.
You kill the acid dragon!
The orc warrior hits you with a +0 war axe.
* * * LOW HITPOINT WARNING * * *
Your Poison Magic skill increases to level 3!
An orc comes into view. It is wielding a +0 whip.
A shadow imp comes into view.
The orc warrior throws a boomerang.
The boomerang closely misses you.
An orc priest comes into view.
It is wielding a +2 hand axe of flaming.
The orc warrior throws a boomerang.
The boomerang hits you!
You die...

#.........#
#.........#
#.........#
#.........#
######...5.o...#
####....#.........
#....##..oo.o.#
#.#)..#.#.....#
#)....@.#.###.#
####..#...# $#
###.(..#######.#
#>..............
#...#######..#.#
###.# .# #.# .$
#.. ####


You could see an orc warrior and a shadow imp.

Vanquished Creatures
  An acid dragon (D:8)
  A water moccasin (D:5)
  A sky beast (D:6)
  A centaur (D:5)
  3 ogres (D:5)
  A phantom (D:3)
  A bullfrog (D:4)
  2 scorpions
  A jelly (D:5)
  A bullfrog skeleton (D:6)
  A hound (D:4)
  A centaur skeleton (D:6)
  2 orc wizards
  A hound skeleton (D:4)
  A howler monkey zombie (D:5)
  A howler monkey skeleton (D:6)
  6 adders
  2 worms
  4 dart slugs
  9 orcs
  A bat (D:2)
  4 endoplasms
  A giant cockroach (D:2)
  10 goblins
  6 hobgoblins
  5 jackals (D:2)
  4 quokkas
  4 ball pythons
  4 frilled lizards
  5 kobolds
  5 rats
90 creatures vanquished.

Notes
Turn   | Place    | Note
-------+----------+-------------------------------------------
     0 | D:1      | HessuHobo the Draconian Transmuter began the quest for the
                  | Orb.
     0 | D:1      | Reached XP level 1. HP: 16/16 MP: 3/3
   153 | D:1      | Reached XP level 2. HP: 22/23 MP: 5/5
  1020 | D:2      | Reached XP level 3. HP: 29/29 MP: 4/6
  1571 | D:2      | Reached XP level 4. HP: 32/37 MP: 7/7
  1908 | D:3      | Found a faded altar of an unknown god.
  2043 | D:3      | Found a broken altar of Ashenzari.
  2247 | D:3      | Found a shimmering altar of Xom.
  2447 | D:3      | Noticed a phantom
  2472 | D:3      | Killed a phantom
  2473 | D:3      | Reached skill level 1 in Stealth
  2473 | D:3      | Reached skill level 4 in Unarmed Combat
  2473 | D:3      | Reached XP level 5. HP: 25/42 MP: 6/8
  3355 | D:4      | Reached XP level 6. HP: 41/50 MP: 7/9
  3556 | D:4      | Found a staircase to the Ecumenical Temple.
  3655 | Temple   | Entered the Ecumenical Temple
  3818 | D:5      | Entered Level 5 of the Dungeon
  3839 | D:4      | Reached skill level 5 in Unarmed Combat
  4927 | D:5      | Found an iron altar of Okawaru.
  5021 | D:5      | Reached skill level 6 in Unarmed Combat
  5021 | D:5      | Your scales start taking on a dull iron-grey colour.
  5021 | D:5      | Reached XP level 7. HP: 39/56 MP: 8/10
  5661 | D:5      | Learned a level 3 spell: Spider Form
  5751 | D:5      | Reached skill level 7 in Unarmed Combat
  5751 | D:5      | Reached skill level 1 in Poison Magic
  6415 | D:6      | Reached XP level 8. HP: 56/62 MP: 9/11
  6518 | D:6      | You fall into a shaft and drop 3 floors!
  6558 | D:8      | Hit by a boomerang thrown by an orc warrior

Illustrated notes

Levels and vault maps discovered:
D:1:      ebering_trefoil_3fold, layout_basic
D:2:      layout_rooms, st_stairs_2, columned_hall_lemuel,
          grunt_decor_one_mirror, serial_park_tiny_pond
D:3:      layout_rooms, grunt_temple_overflow_open, basic_ecumenical_altar,
          serial_forest, infiniplex_forest_lined_room_2,
          infiniplex_forest_straight_2, infiniplex_forest_clump_small,
          infiniplex_forest_clump_long, infiniplex_forest_clump_double,
          infiniplex_forest_lined_room_3
D:4:      layout_rooms, temple_hall
D:5:      layout_rooms, mainiacjoe_overflow_24_doors
D:6:      layout_loops_ring, kennysheep_mini_moat
D:8:      layout_basic, enter_bailey_2
D:9:      layout_cave_pools, gammafunk_temple_overflow_arena, david_lair_generic
Temple:   regret_index_temple_sphere_string

Skill      XL: |  1  2  3  4  5  6  7  8 |
---------------+-------------------------+-----
Dodging        | 2 |  2.7
Fighting       | 2 |  2.7
Stealth        | 1 2 3 |  3.0
Unarmed Combat | 4 6 7 |  7.8
Transmutations | 3 4 |  4.0
Poison Magic   | 2 3 |  3.3
Spellcasting   | |  2.0

Action                   |  1- 3 |  4- 6 |  7- 9 || total
-------------------------+-------+-------+-------++-------
Melee: Unarmed           |   125 |   132 |    99 ||   356
       Tailslap          |     9 |    15 |    12 ||    36
       Kick              |    12 |    25 |    18 ||    55
       Headbutt          |     5 |    16 |     9 ||    30
       Punch             |     1 |       |       ||     1
 Cast: Beastly Appendage |     8 |    12 |    10 ||    30
 Stab: Sleeping          |     1 |       |       ||     1
Armor: Skin              |    35 |    44 |    40 ||   119
Dodge: Dodged            |    87 |    74 |    45 ||   206

Table legend: (Time is in decaauts)
 A = Elapsed time spent in this place.
 B = Non-inter-level travel time spent in this place.
 C = Inter-level travel time spent in this place.
 D = Time resting spent in this place.
 E = Time spent auto-exploring this place.
 F = Levels seen in this place.
 G = Mean time per level.
                   A        B        C        D        E       F      G
               +--------+--------+--------+--------+--------+-----+--------+
         Total |   6532 |   6327 |    205 |   3132 |   2392 |   9 |  725.8 |
       Dungeon |   6398 |   6202 |    196 |   3132 |   2279 |   8 |  799.8 |
        Temple |    133 |    125 |      8 |      0 |    113 |   1 |  133.0 |
               +--------+--------+--------+--------+--------+-----+--------+

Top non-repeatable levels by time:
     D:5: 1718 daAuts
     D:4: 1605 daAuts
     D:1: 973 daAuts
     D:2: 907 daAuts
     D:3: 865 daAuts
     D:6: 290 daAuts
  Temple: 133 daAuts
     D:8: 33 daAuts
     D:9: 4 daAuts
